 Dungeon Crawl Stone Soup version 0.25-a0-657-ge95d391c20 (webtiles) character file.

Game seed: 16896718360761170909, levelgen mode: deterministic

3119 nono the Zephyrmancer (level 9, -13/47 HPs)
             Began as a Tengu Air Elementalist on Feb 2, 2020.
             Was a Believer of Vehumet.
             Mangled by a spiny frog (18 damage)
             ... on level 1 of the Lair of Beasts on Mar 22, 2020.
             The game lasted 01:00:54 (10064 turns).

nono the Zephyrmancer (Tengu Air Elementalist)     Turns: 10064, Time: 01:00:55

Health: -13/47     AC:  3    Str:  8    XL:     9   Next: 91%
Magic:  6/16       EV: 15    Int: 20    God:    Vehumet [**....]
Gold:   170        SH:  0    Dex: 14    Spells: 0/16 levels left

rFire    . . .     SeeInvis .   h - +2 dagger (venom)
rCold    + . .     Gourm    .   (no shield)
rNeg     . . .     Faith    .   a - +0 robe
rPois    .         Spirit   .   (helmet restricted)
rElec    .         Reflect  .   (no cloak)
rCorr    .         Harm     .   M - +0 pair of gloves (curse)
MR       +....                  (boots unavailable)
Stlth    ++........             (no amulet)
HPRegen  0.15/turn              d - ring of protection from cold
MPRegen  0.15/turn              r - ring of protection from magic

@: flying quickly and evasively, quick
A: beak, talons 3, able to fly
a: Stop Flying, Renounce Religion


You were on level 1 of the Lair of Beasts.
You worshipped Vehumet.
Vehumet was pleased with you.
You were hungry.

You visited 3 branches of the dungeon, and saw 10 of its levels.

You collected 390 gold pieces.
You spent 220 gold pieces at shops.

Inventory:

Hand Weapons
 h - a +2 dagger of venom (weapon)
 D - a +0 short sword of electrocution
Missiles
 C - 8 boomerangs (quivered)
 K - 2 throwing nets
Armour
 a - a +0 robe (worn)
 m - a +0 kite shield
 M - a cursed +0 pair of gloves (worn)
Jewellery
 d - a ring of protection from cold (left hand)
 r - a ring of protection from magic (right hand)
 E - an uncursed ring of flight {unknown}
Wands
 A - a wand of digging (8)
 I - a wand of disintegration (17)
 J - a wand of flame (12)
 L - a wand of clouds (3)
 N - a wand of random effects (26)
Scrolls
 g - 4 scrolls of teleportation
 n - 4 scrolls of enchant weapon {unknown}
 o - 2 scrolls of blinking {unknown}
 p - 2 scrolls of amnesia {unknown}
 q - 3 scrolls of fog {unknown}
 u - a scroll of magic mapping {unknown}
 v - 2 scrolls of remove curse {unknown}
 w - 2 scrolls of enchant armour
 x - a scroll of random uselessness {unknown}
 y - 2 scrolls of noise {unknown}
 z - a scroll of immolation {unknown}
 B - a scroll of torment {unknown}
 H - a scroll of identify
Potions
 b - 3 potions of lignification
 e - 2 potions of flight
 f - a potion of haste
 i - a potion of resistance
 j - 5 potions of curing
 l - 2 potions of degeneration
 s - a potion of might
 t - 2 potions of brilliance
 F - 2 potions of invisibility
 G - a potion of mutation {unknown}
Comestibles
 c - 17 rations
 k - 4 chunks of flesh


   Skills:
 - Level 1.5 Fighting
 - Level 2.1 Dodging
 - Level 2.0 Stealth
 - Level 4.2 Spellcasting
 - Level 9.9 Conjurations
 + Level 2.2 Summonings
 - Level 5.4 Fire Magic
 - Level 10.6 Air Magic
 - Level 3.5 Poison Magic


You couldn't memorise any spells.
You knew the following spells:

 Your Spells              Type           Power        Failure   Level  Hunger
a - Shock                 Conj/Air       ####         1%          1    None
b - Static Discharge      Conj/Air       #####...     1%          3    ###....
c - Swiftness             Chrm/Air       ####....     2%          2    #......
d - Mephitic Cloud        Conj/Pois/Air  #####...     1%          3    ###....
e - Magic Dart            Conj           ####         1%          1    None
f - Conjure Flame         Conj/Fire      #####...     1%          3    ###....
g - Foxfire               Conj/Fire      ####         1%          1    None
h - Call Imp              Summ           ##......     8%          2    #......

Your spell library contained the following spells:

 Spells                   Type           Power        Failure   Level  Hunger
 Freeze                   Ice            #...         13%         1    None
 Airstrike                Air            #####.....   1%          4    ####...
 Lightning Bolt           Conj/Air       #####.....   4%          5    ######.
 Beastly Appendage        Tmut           #.....       13%         1    None
 Blink                    Tloc           N/A          19%         2    #......
 Slow                     Hex            #.......     19%         2    #......
 Sticks to Snakes         Tmut           #.......     19%         2    #......
 Spider Form              Tmut/Pois      ##........   19%         3    ###....
 Ice Form                 Ice/Tmut       #.......     77%         4    ####...
 Blade Hands              Tmut           #.........   98%         5    ######.


Dungeon Overview and Level Annotations

Branches:
Dungeon (8/15)             Temple (1/1) D:6            Lair (1/6) D:8

Altars:
Okawaru
Qazlal
Trog
Vehumet
Xom
Yredelemnul

Shops:
D:4 *!(:

Annotations:
D:5 Grinder
D:7 2 transporters, FrozenTrovador's ghost, novice MfSu


Innate Abilities, Weirdness & Mutations

You have a beak for a mouth.
You have claws for feet.
You can fly continuously.


Message History

A beastly little devil appears in a puff of frigid air.
The spiny frog stings you!
* * * LOW HITPOINT WARNING * * *
Your crimson imp completely misses the spiny frog.
Your white imp gestures at the spiny frog.
The puff of frost hits the spiny frog.
Your white imp gestures at the spiny frog.
The puff of frost hits the spiny frog!
You are feeling hungry.
Your white imp closely misses the spiny frog.
Okay, then.
Okay, then.
Evoke which item? (* to show all) (? for menu, Esc to quit)
Aiming: Disintegrate
Press: ? - help, Shift-Dir - straight line, f - spiny frog
Aim: a spiny frog (heavily wounded, chance to defeat MR: 65%)
The spiny frog struggles to resist.
Your crimson imp disappears in a puff of smoke!
The spiny frog stings you!!
You die...

### ### ##
#########.######P###.###
........................
........................
.......@F5..............
.#P###...5..#.#####.....
#....ยง.### #.....
#......# ...... #......#
#..... ##......# #.....
#.......##### #.....
####...........
.......<.......


You could see a spiny frog and 2 friendly white imps.

Vanquished Creatures
  A hippogriff (D:8)
  Duvessa (D:7)
  An orc warrior (D:6)
  An ice beast (D:4)
  4 phantoms
  A black bear (D:6)
  3 ogres
  2 centaurs
  A big kobold (D:6)
  4 bullfrogs
  A water moccasin zombie (D:8)
  Dowan (D:7)
  3 scorpions
  A wight (D:7)
  5 crimson imps
  5 howler monkeys
  A quasit (D:8)
  2 hounds (D:7)
  A gnoll shaman (D:7)
  An orc priest (D:7)
  6 orc wizards
  A bullfrog skeleton (D:5)
  Natasha (thrice) (D:3)
  2 iguanas
  4 worker ants
  A hound skeleton (D:3)
  A worker ant zombie (D:7)
  Robin (D:3)
  6 gnolls
  A howler monkey skeleton (D:6)
  8 adders
  2 oozes
  An adder skeleton (D:8)
  2 worms (D:2)
  A dart slug (D:1)
  4 leopard geckos
  20 orcs
  4 ball pythons
  7 giant cockroaches
  21 goblins
  15 hobgoblins
  4 jackals
  11 kobolds
  4 quokkas
  13 bats
  2 frilled lizards
  A jackal zombie (D:6)
  A leopard gecko zombie (D:7)
  A quokka skeleton (D:5)
  A quokka zombie (D:5)
  5 rats
194 creatures vanquished.

Vanquished Creatures (collateral kills)
  A centaur skeleton (D:8)
1 creature vanquished.

Vanquished Creatures (others)
  90 foxfires
90 creatures vanquished.

Grand Total: 285 creatures vanquished

Notes
Turn   | Place    | Note
-------+----------+-------------------------------------------
     0 | D:1      | nono the Tengu Air Elementalist began the quest for the
                  | Orb.
     0 | D:1      | Reached XP level 1. HP: 10/10 MP: 4/4
   165 | D:1      | Reached XP level 2. HP: 10/15 MP: 3/6
   695 | D:1      | Reached XP level 3. HP: 19/19 MP: 4/7
   700 | D:1      | Learned a level 3 spell: Static Discharge
   703 | D:1      | Learned a level 2 spell: Swiftness
   744 | D:2      | Found an iron altar of Okawaru.
   755 | D:2      | Found a basalt altar of Yredelemnul.
   755 | D:2      | Found a radiant altar of Vehumet.
   992 | D:2      | Found a bloodstained altar of Trog.
  1026 | D:2      | Reached XP level 4. HP: 22/24 MP: 4/9
  1436 | D:2      | Reached skill level 1 in Fighting
  1439 | D:2      | Found a shimmering altar of Xom.
  1700 | D:3      | Noticed Natasha
  1788 | D:3      | Killed Natasha
  1788 | D:3      | Reached skill level 5 in Air Magic
  1974 | D:3      | Gained mutation: You can fly continuously. [Tengu growth]
  1974 | D:3      | Reached XP level 5. HP: 28/29 MP: 3/10
  1994 | D:3      | Noticed Natasha
  2481 | D:3      | Noticed Robin
  2695 | D:4      | Noticed a phantom
  2879 | D:2      | Became a worshipper of Vehumet
  2952 | D:3      | Killed Natasha
  3178 | D:3      | Noticed Natasha
  3185 | D:3      | Killed Natasha
  3185 | D:3      | Reached skill level 6 in Air Magic
  3185 | D:3      | Reached XP level 6. HP: 34/34 MP: 5/11
  3268 | D:3      | Killed Robin
  3728 | D:4      | Killed a phantom
  3728 | D:4      | Reached skill level 5 in Conjurations
  3876 | D:4      | Found Hiycoewn's Weapon Shop.
  3993 | D:4      | Reached skill level 7 in Air Magic
  3993 | D:4      | Reached XP level 7. HP: 38/38 MP: 4/12
  4102 | D:4      | Found Sixtiol's Distillery.
  4126 | D:4      | Found Ruxovoce's Book Shop.
  4141 | D:4      | Bought a book of Minor Magic for 220 gold pieces
  4145 | D:4      | Learned a level 3 spell: Mephitic Cloud
  4222 | D:4      | Learned a level 1 spell: Magic Dart
  4485 | D:4      | Found Dicw's Assorted Antiques.
  4816 | D:5      | Entered Level 5 of the Dungeon
  5851 | D:5      | Reached XP level 8. HP: 37/43 MP: 0/13
  5872 | D:5      | Reached skill level 8 in Air Magic
  6083 | D:5      | Noticed Grinder
  6531 | D:6      | Reached * piety under Vehumet
  6531 | D:6      | Offered knowledge of Foxfire by Vehumet.
  6532 | D:6      | Upgraded the game from 0.25-a0-458-g6fc7858b95 to
                  | 0.25-a0-558-g78a2afb0af
  6581 | D:6      | Found a staircase to the Ecumenical Temple.
  6730 | D:6      | Reached skill level 9 in Air Magic
  6751 | Temple   | Entered the Ecumenical Temple
  7259 | D:6      | Learned a level 3 spell: Conjure Flame
  7362 | D:6      | Reached skill level 1 in Fire Magic
  7362 | D:6      | Reached XP level 9. HP: 31/47 MP: 5/14
  7676 | D:7      | Learned a level 1 spell: Foxfire
  8094 | D:7      | Reached skill level 5 in Fire Magic
  8245 | D:7      | Noticed Dowan
  8246 | D:7      | Noticed Duvessa
  8283 | D:7      | Killed Dowan
  8283 | D:7      | Offered knowledge of Freeze by Vehumet.
  8444 | D:7      | Killed Duvessa
  8485 | D:7      | Found a transporter.
  8488 | D:7      | Noticed FrozenTrovador's ghost (novice MfSu)
  8492 | D:7      | Noticed a komodo dragon
  8495 | D:7      | Found a transporter.
  8539 | D:7      | Reached ** piety under Vehumet
  8539 | D:7      | Reached skill level 10 in Air Magic
  8886 | D:7      | Upgraded the game from 0.25-a0-558-g78a2afb0af to
                  | 0.25-a0-657-ge95d391c20
  9822 | D:8      | Learned a level 2 spell: Call Imp
  9881 | D:8      | Reached skill level 1 in Summonings
 10003 | D:8      | Found a staircase to the Lair.
 10023 | Lair:1   | Entered Level 1 of the Lair of Beasts
 10042 | Lair:1   | Noticed a spiny frog
 10064 | Lair:1   | Mangled by a spiny frog

Levels and vault maps discovered:
D:1:      dpeg_arrival_connections, layout_basic, minmay_cut_off
D:2:      layout_loops_ring, lightli_temple_of_fire,
          chequers_temple_overflow_statue_of_worship, tgw_xom
D:3:      layout_basic, chequers_big_river, uniq_robin, uniq_natasha
D:4:      layout_layer_cave, first_ration, serial_shops, kennysheep_mini, shop,
          shop, nicolae_shop_waterfront, minmay_strange_pillars, grunt_decor_cap
D:5:      layout_basic, uniq_grinder, uniq_eustachio
D:6:      layout_loops_corners, minmay_temple_entry_offerings
D:7:      minmay_slanted_spiral_squares, layout_basic, gammafunk_ghost_arena,
          grunt_ogre_cave, uniq_duvessa
D:8:      layout_basic, lair_entry_dummy
Temple:   eino_wide_crystal_templ
Lair:1:   layout_chaotic_city, minmay_hedge_maze

Skill      XL: |  1  2  3  4  5  6  7  8  9 |
---------------+----------------------------+-----
Conjurations   | 2 3 4 6 9 |  9.9
Fighting       | 1 |  1.5
Air Magic      | 5 6 7 9 10 | 10.6
Spellcasting   | 3 4 |  4.2
Poison Magic   | 3 |  3.5
Fire Magic     | 1 5 |  5.4
Summonings     | 2 |  2.2
Dodging        | |  2.1
Stealth        | |  2.0

Action                   |  1- 3 |  4- 6 |  7- 9 || total
-------------------------+-------+-------+-------++-------
Melee: Unarmed           |     3 |       |       ||     3
       Peck              |     2 |     2 |    22 ||    26
       Dagger            |     7 |    28 |   181 ||   216
       Kick              |     1 |     5 |    39 ||    45
 Cast: Shock             |    50 |   146 |   113 ||   309
       Static Discharge  |       |     8 |    17 ||    25
       Swiftness         |       |     2 |     1 ||     3
       Magic Dart        |       |       |    26 ||    26
       Mephitic Cloud    |       |       |    34 ||    34
       Conjure Flame     |       |       |    14 ||    14
       Foxfire           |       |       |    54 ||    54
       Call Imp          |       |       |     7 ||     7
 Abil: Fly               |       |     1 |       ||     1
Evoke: Wand              |       |       |     1 ||     1
  Use: Scroll            |       |    11 |     1 ||    12
       Potion            |       |     2 |     1 ||     3
 Stab: Sleeping          |       |       |     1 ||     1
       Confused          |       |       |     9 ||     9
  Eat: Chunk             |     1 |    10 |    13 ||    24
       Ration            |       |       |     3 ||     3
Armor: Robe              |     7 |     1 |    16 ||    24
Dodge: Dodged            |     9 |    32 |   179 ||   220

Table legend:
 A = Non-vault XP
 B = Vault XP
 C = Vault XP percentage of total XP
 D = Non-vault monster count
 E = Vault monster count
 F = Vault count percentage of total count
                 A         B        C        D         E       F
            +---------+---------+-------+---------+---------+-------
      Total |    3638 |     819 |  18.4 |     156 |      39 |  20.0
            +---------+---------+-------+---------+---------+-------
        D:1 |      34 |       5 |  12.8 |      20 |       3 |  13.0
        D:2 |      56 |      12 |  17.6 |      15 |       7 |  31.8
        D:3 |     141 |      74 |  34.4 |      24 |      14 |  36.8
        D:4 |     496 |       0 |   0.0 |      15 |       0 |   0.0
        D:5 |     562 |       0 |   0.0 |      16 |       0 |   0.0
        D:6 |     992 |       0 |   0.0 |      39 |       0 |   0.0
        D:7 |     784 |     728 |  48.1 |      17 |      15 |  46.9
        D:8 |     573 |       0 |   0.0 |      10 |       0 |   0.0
            +---------+---------+-------+---------+---------+-------
